 Dungeon Crawl Stone Soup version 0.30.1-4-g462c640d31 (webtiles) character file.

Game seed: 2150728920956793037

450 rvierbuc the Conjurer (level 6, -9/46 HPs)
             Began as a Demigod Conjurer on Aug 20, 2023.
             Mangled by a two-headed ogre
             ... wielding a +0 giant spiked club
              (23 damage)
             ... on level 5 of the Dungeon.
             The game lasted 00:13:16 (4602 turns).

rvierbuc the Conjurer (Demigod Conjurer)            Turns: 4602, Time: 00:13:16

Health: -9/46      AC:  4    Str:  8    XL:     6   Next: 45%
Magic:  0/14       EV: 12    Int: 34    God:
Gold:   252        SH:  0    Dex: 12    Spells: 9/12 levels left

rFire   . . .        v - staff of conjuration
rCold   . . .        (no shield)
rNeg    . . .        a - +0 robe
rPois   .            (no helmet)
rElec   .            u - +0 cloak
rCorr   .            (no gloves)
SInv    .            q - +0 pair of boots
Will    .....        m - amulet of guardian spirit
Stlth   ++           c - +6 ring of intelligence
HPRegen 0.27/turn    (no ring)
MPRegen 0.14/turn

%: guardian spirit
@: no status effects
A: high MP 1, forlorn, divine attributes
a: no special abilities


You were on level 5 of the Dungeon.
You visited 1 branch of the dungeon, and saw 5 of its levels.

You collected 252 gold pieces.

Inventory:

Hand Weapons
 l - a +2 short sword of venom
 s - a +0 rapier
Armour
 a - a +0 robe (worn)
 q - a +0 pair of boots (worn)
 u - a +0 cloak (worn)
Magical Staves
 v - a staff of conjuration (weapon)
Jewellery
 c - a +6 ring of intelligence (left hand)
 m - an amulet of guardian spirit (around neck)
Scrolls
 f - a scroll of fear
 i - a scroll of acquirement
 j - a scroll of summoning {unknown}
 n - a scroll of vulnerability {unknown}
 o - a scroll of enchant armour {unknown}
 p - a scroll of silence {unknown}
 t - a scroll of noise {unknown}
Potions
 b - a potion of magic
 e - a potion of attraction
 h - 2 potions of mutation
 r - a potion of curing
 w - a potion of heal wounds


   Skills:
 + Level 0.5 Fighting
 + Level 0.3 Short Blades
 + Level 2.2 Dodging
 - Level 2.7 Stealth
 + Level 3.5 Spellcasting
 + Level 5.9 Conjurations


You had 9 spell levels left.
You knew the following spells:

 Your Spells              Type           Power      Damage    Failure   Level
a - Magic Dart            Conj           100%       1d8       1%          1
b - Searing Ray           Conj           100%       2d8       1%          2

Your spell library contained the following spells:

 Spells                   Type           Power      Damage    Failure   Level
 Dazzling Flash           Conj/Hex       78%        N/A       4%          3
 Fulminant Prism          Conj/Hex       19%        3d10      16%         4
 Iskenderun's Mystic Bla  Conj/Tloc      39%        2d9       16%         4
 Summon Forest            Summ/Tloc      3%         N/A       82%         5
 Eringya's Noxious Bog    Tmut/Pois      3%         N/A       100%        6
 Summon Hydra             Summ           3%         N/A       100%        7
 Chain Lightning          Conj/Air       19%        3d26      100%        9
 Fire Storm               Conj/Fire      19%        8d5       100%        9
 Shatter                  Erth           3%         3d7*      100%        9


Dungeon Overview and Level Annotations

Branches:
Dungeon (5/15)
 Temple: D:4-7


Innate Abilities, Weirdness & Mutations

You have an increased reservoir of magic. (+10% MP)
You shall have no god before yourself.
Your divine heritage dramatically boosts your attributes as you level up.


Message History

The withered plant is lightly damaged.
The phantom hits you.
The searing ray hits the phantom!
You destroy the phantom!
The searing ray hits the withered plant.
The withered plant is lightly damaged.
You start resting.
The withered plant crumbles away.
A two-headed ogre comes into view.
It is wielding a +0 giant spiked club and a +0 giant club.
The two-headed ogre shouts in stereo!
Casting: Searing Ray (safe; 1% risk of failure)
Confirm with . or Enter, or press ? or * to list all spells.
Aiming: Searing Ray (safe; 1% risk of failure)
Press: ? - help, Shift-Dir - straight line, f - two-headed ogre
Aim: a two-headed ogre, wielding a +0 giant spiked club and a +0 giant club (92% to hit)
Out of range.
Okay, then.
Press: ? - help, v - describe, . - travel
Here: a two-headed ogre, wielding a +0 giant spiked club and a +0 giant club The floor.
A two-headed ogre is nearby!
Found 15 gold pieces.
You see here 15 gold pieces.
Casting: Searing Ray (safe; 1% risk of failure)
Confirm with . or Enter, or press ? or * to list all spells.
Aiming: Searing Ray (safe; 1% risk of failure)
Press: ? - help, Shift-Dir - straight line, f/p - two-headed ogre
Aim: a two-headed ogre, wielding a +0 giant spiked club and a +0 giant club (92% to hit)
You feel a surge of power!
The searing ray hits the two-headed ogre.
The two-headed ogre is lightly wounded. (Press . to maintain the ray.)
The searing ray hits the two-headed ogre!
The two-headed ogre is moderately wounded.
The two-headed ogre hits you with a +0 giant spiked club!!
The two-headed ogre hits you with a +0 giant club!
The two-headed ogre attacks as you move away!
The two-headed ogre barely misses you.
The two-headed ogre hits you with a +0 giant club!!
Ouch! That really hurt!
You die...

######## #......#
#..8.#.##############
#...........O@.......
#....###############.
##....##########
#..............#
#.#...########.#
.............##<######..
#...##.#####...#.........
#... #.####.....#######..
#.. #...................#


You could see a two-headed ogre.

Vanquished Creatures
  A phantom (D:5)
  A scorpion (D:4)
  3 orc priests
  2 sleepcaps
  2 iguanas (D:4)
  An orc wizard (D:4)
  A killer bee zombie (D:5)
  3 adders (D:3)
  A white imp (D:5)
  2 dart slugs
  6 orcs
  3 bats
  An endoplasm (D:2)
  3 giant cockroaches
  5 goblins
  3 hobgoblins
  A jackal (D:2)
  A quokka (D:1)
  3 ball pythons
  3 frilled lizards
  3 kobolds
  5 rats
54 creatures vanquished.

Notes
Turn   | Place    | Note
-------+----------+-------------------------------------------
     0 | D:1      | rvierbuc the Demigod Conjurer began the quest for the Orb.
     0 | D:1      | Reached XP level 1. HP: 14/14 MP: 5/5
   395 | D:1      | Reached skill level 4 in Conjurations
   653 | D:2      | Reached XP level 2. HP: 20/20 MP: 4/7
  1559 | D:3      | Reached XP level 3. HP: 26/26 MP: 5/8
  2641 | D:4      | Reached XP level 4. HP: 17/33 MP: 0/10
  2932 | D:4      | Reached skill level 5 in Conjurations
  2986 | D:5      | Entered Level 5 of the Dungeon
  2990 | D:5      | Learned a level 2 spell: Searing Ray
  3005 | D:4      | Reached XP level 5. HP: 23/38 MP: 0/11
  3124 | D:4      | Identified 2 scrolls of acquirement
  3124 | D:4      | Acquired a staff of conjuration
  3919 | D:5      | Noticed a two-headed ogre
  3958 | D:5      | Noticed an ice beast
  4097 | D:5      | Reached XP level 6. HP: 45/45 MP: 6/13
  4588 | D:5      | Noticed a two-headed ogre
  4602 | D:5      | Mangled by a two-headed ogre

Illustrated notes

Levels and vault maps discovered:
D:1:      lightli_arrival_lavapool, layout_rooms, shapermc_ecumenical_altar_venn
D:2:      layout_loops_ring, hangedman_abyss_or_decor_stabs, minmay_tetromino_t4
D:3:      layout_loops_ring, kennysheep_nub, roderic_lattice_a
D:4:      layout_basic, chequers_serial_rivers_micro_d
D:5:      layout_loops_ring, worldfamousw_hep_ancestral_shrine, serial_undead,
          serial_undead_c, serial_undead_e, serial_undead_e, serial_undead_c

Skill      XL: |  1  2  3  4  5 |
---------------+----------------+-----
Conjurations   | 4 5 |  5.9
Spellcasting   | 2 3 |  3.5
Stealth        | 2 |  2.7
Dodging        | 2 |  2.2
Fighting       | |  0.5
Short Blades   | |  0.3

Action                     |  1- 3 |  4- 6 || total
---------------------------+-------+-------++-------
  Melee: Rapier            |     3 |       ||     3
         Staff             |       |     4 ||     4
   Cast: Magic Dart        |    78 |    30 ||   108
         Searing Ray       |       |    18 ||    18
    Use: Potion            |     2 |       ||     2
         Scroll            |       |    10 ||    10
 Armour: Robe              |     5 |     5 ||    10
  Dodge: Dodged            |    14 |    28 ||    42
